AoeStats
← CocoVasile

Arena

506027080Analyzed
1v1 RM · 21d ago on Sep 12, 2026· 45m 16s· 2 players
Game mode
Random Map
Map size
Tiny (2 player)
Population
200
Speed
Normal
Resources
Standard
Victory
Conquest
Starting age
Dark Age
Ending age
Imperial Age
RankedLock teamsTeams togetherTeam positionsShared explorationLock speedFull tech treeHidden civsTurbo modeCheats
Victory
Defeat
🇺🇸 Persians · United States
920
+15
🇺🇸 Vietnamese · United States
906
-42
brandonseigehill
11:33 Feudal Age
13:25 Wheelbarrow
12:59 Horse Collar
13:06 Double-Bit Axe
13:49 Gold Mining
17:15 Loom
20:54 Castle Age
19:24 Padded Archer Armor
21:29 Stone Mining
21:32 Gold Mining
21:35 Fletching
22:08 Bow Saw
22:09 Heavy Plow
22:29 Hand Cart
23:54 Thumb Ring
23:11 Elite Skirmisher
24:18 Leather Archer Armor
26:42 Bodkin Arrow
32:32 Imperial Age
31:16 Stone Shaft Mining
34:21 Two-Man Saw
34:22 Ring Archer Armor
35:46 Bracer
35:14 Capped Ram
35:28 Pikeman
37:38 Squires
39:21 Paper Money
39:14 Halberdier
39:25 Imperial Skirmisher
CocoVasile
9:13 Feudal Age
10:07 Double-Bit Axe
11:24 Stone Mining
14:05 Wheelbarrow
15:06 Horse Collar
19:12 Castle Age
17:56 Fletching
18:17 Padded Archer Armor
18:46 Gold Mining
20:47 Stone Shaft Mining
20:50 Gold Shaft Mining
20:50 Bow Saw
22:39 Hand Cart
24:09 Heavy Plow
25:35 Crossbowman
27:29 Loom
28:01 Kamandaran
28:47 Bodkin Arrow
29:08 Leather Archer Armor
29:54 Gambesons
29:29 Man-at-Arms
29:30 Pikeman
30:10 Squires
29:56 Arson
31:24 Thumb Ring
35:48 Imperial Age
34:16 Scale Barding Armor
34:22 Forging
35:04 Bloodlines
34:58 Husbandry
36:28 Conscription
35:57 Long Swordsman
35:58 Halberdier
36:34 Cavalier
37:36 Chain Barding Armor
37:47 Ring Archer Armor
37:55 Iron Casting
37:41 Chain Barding Armor
39:11 Ballistics
39:51 Chemistry
38:47 Murder Holes
39:04 Masonry
38:24 Savar
41:04 Blast Furnace
40:11 Sappers
41:24 Plate Barding Armor
42:31 Two-Man Saw
Connection lost

Rejoining the realm…

Still unreachable

The connection could not be restored.

Session expired

The server has moved on; the page needs a fresh start.